 Dungeon Crawl Stone Soup version 0.20.0-4-g10b340a (webtiles) character file.

69095 Jerry the Severer (level 14, -3/135 HPs)
             Began as a Minotaur Berserker on May 28, 2017.
             Was a High Priest of Trog.
             Killed from afar by Roxanne (7 damage)
             ... with an iron shot
             ... on level 14 of the Dungeon.
             The game lasted 01:13:03 (20605 turns).

Jerry the Severer (Minotaur Berserker)             Turns: 20605, Time: 01:13:04

Health: -3/135     AC: 25    Str: 24    XL:     14   Next: 89%
Magic:  0/4        EV:  8    Int:  6    God:    Trog [*****.]
Gold:   890        SH:  0    Dex: 11    Spells: 13/13 levels left

rFire    + . .     SeeInvis .   f - +6 executioner's axe (antimagic)
rCold    + . .     Gourm    .   (shield currently unavailable)
rNeg     . . .     Faith    .   X - +2 plate armour of Hairiness {rCorr}
rPois    +         Spirit   +   P - +2 hat
rElec    .         Reflect  .   L - scarf {rC+ rF+}
rCorr    +         Harm     .   v - +1 pair of gloves
MR       +++..                  I - +0 pair of boots
Stlth    ..........             m - amulet of guardian spirit
Regen    1.4/turn               h - +4 ring of slaying
MPRegen  0.1/turn               E - ring of poison resistance

@: very slightly contaminated, regenerating, drained, invisible
A: retaliatory headbutt, horns 2
a: Berserk, Trog's Hand, Brothers in Arms, Burn Spellbooks, Renounce Religion


You were on level 14 of the Dungeon.
You worshipped Trog.
Trog was extremely pleased with you.
You were very hungry.

You visited 3 branches of the dungeon, and saw 22 of its levels.

You collected 2353 gold pieces.
You spent 1463 gold pieces at shops.

Inventory:

Hand Weapons
 f - a +6 antimagic executioner's axe (weapon)
 S - a +1 broad axe of chopping
Armour
 v - a +1 pair of gloves (worn)
 H - a +0 buckler
 I - a +0 pair of boots (worn)
 L - a scarf of resistance (worn)
 P - a +2 hat (worn)
 X - the +2 plate armour of Hairiness (worn) {rCorr}
   (You found it on level 6 of the Lair of Beasts)

   It protects you from acid and corrosion.
Jewellery
 h - a +4 ring of slaying (left hand)
 m - an amulet of guardian spirit (around neck)
 E - a ring of poison resistance (right hand)
 Q - an uncursed ring of flight
Wands
 b - a wand of disintegration (2/24)
 p - a wand of flame (30/48)
 q - a wand of confusion (9/48)
 C - a wand of polymorph (12/24)
 G - a wand of lightning (6/15)
 J - a wand of random effects (30/48)
 M - a wand of polymorph (13/24)
Scrolls
 a - 13 scrolls of teleportation
 d - a scroll of identify
 j - 7 scrolls of remove curse
 n - 5 scrolls of recharging
 y - 5 scrolls of magic mapping
 F - 3 scrolls of blinking {unknown}
 N - 3 scrolls of enchant armour
 T - a scroll of fog {unknown}
Potions
 e - 2 potions of mutation
 g - 7 potions of haste
 k - a potion of berserk rage
 o - a potion of cancellation
 r - 3 potions of brilliance
 t - 7 potions of curing
 u - 3 potions of flight {unknown}
 w - 6 potions of lignification {unknown}
 x - 2 potions of agility
 z - 11 potions of invisibility
 A - 3 potions of might
 B - 5 potions of heal wounds {unknown}
 D - 3 potions of ambrosia {unknown}
 K - 4 potions of degeneration {unknown}
 R - 2 potions of magic {unknown}
Comestibles
 c - 12 bread rations
 i - 7 royal jellies
 l - a meat ration
 s - 8 fruits


   Skills:
 + Level 15.3(15.2) Fighting
 * Level 20.6 Axes
 + Level 15.4(15.3) Armour
 - Level 2.1 Dodging
 - Level 4.0 Shields


You had 13 spell levels left.
You didn't know any spells.

Dungeon Overview and Level Annotations

Branches:
Dungeon (14/15)            Temple (0/1) D:4            Lair (6/6) D:11
 Shoals (0/4) Lair:4       Spider (0/4) Lair:4        Slime (0/5) Lair:5
    Orc (2/2) D:12            Elf (0/3) Orc:2
 Vaults: D:13-14

Altars:
Okawaru
Ru
Beogh

Shops:
D:4 }(   D:14 !   Orc:2 [[:[

Portals:
Trove: D:11 (give +6 demon whip)

Annotations:
D:14 exclusion: Roxanne, Roxanne
Lair:5 exclusion: 3 oklob plants


Innate Abilities, Weirdness & Mutations

You reflexively headbutt those who attack you in melee.
You have a pair of horns on your head.


Message History

The arrow hits you but does no damage.
The centaur warrior shoots an arrow.
The arrow hits the white ugly thing!!
The white ugly thing basks in the mutagenic energy from its kin and changes!
The centaur shoots an arrow.
The arrow hits the centaur!
You are very lightly contaminated with residual magic.
Your skin crawls.
You feel resistant to hostile enchantments.
You feel somewhat more hungry.
The centaur shoots an arrow.
The arrow barely misses the white ugly thing.
The arrow barely misses you.
Roxanne casts a spell.
The crystal spear misses you.
The centaur shoots an arrow.
The arrow misses the white ugly thing.
The arrow hits you but does no damage.
The centaur warrior shoots an arrow.
The arrow hits the white ugly thing!!
The centaur shoots an arrow.
The arrow hits the white ugly thing!
A white ugly thing comes into view.
Roxanne asks, "Could you be a darling and pick up those spellbooks for me?"
Roxanne casts a spell.
The iron shot hits you!
You die...

..'...# ....u
###)(.#####......#
..##(((((()......##
# #####.))...u...
#...c.#u#.#
#...c.....
#....c(u..
#......c####.# #
#....8.((@...# .#
#......###(......
..# #.....# .#.#..#
.>. #..... .# .. .
##. ..... .# .# ...
..... .. .. ...
.### .# . ### ..


You could see Roxanne, a centaur warrior and 3 centaurs.

Vanquished Creatures
  Snorg (Lair:6)
  Josephine (Lair:4)
  An ice dragon (Lair:6)
  A hydra (D:13)
  Erica (D:8)
  A death yak (Lair:6)
  A two-headed ogre (Orc:2)
  5 orc high priests (Orc:2)
  The ghost of Mukku the Geomancer, a novice DrEE (D:6)
  An unseen horror (D:13)
  3 lindwurms (Lair:6)
  7 orc knights
  3 manticores
  2 ugly things
  A cyclops (D:12)
  3 centaur zombies
  A merfolk siren (Lair:4)
  2 elephants (Lair:6)
  Joseph (D:8)
  7 black mambas
  6 torpor snails (Lair:6)
  2 rime drakes (Lair:6)
  6 spiny frogs
  7 komodo dragons
  A kobold demonologist (D:11)
  2 merfolk (Lair:4)
  6 trolls
  The ghost of Mandevil the Conjurer, a novice DECj (D:5)
  A polar bear (Lair:6)
  4 tyrant leeches (Lair:6)
  9 hornets
  7 dream sheep
  22 blink frogs
  16 slime creatures (D:12)
  7 hippogriffs
  Sigmund (D:4)
  6 wraiths
  4 wyverns
  47 yaks
  6 basilisks
  A spriggan (D:8)
  3 hungry ghosts
  A steam dragon (D:10)
  2 humans (D:10)
  4 vampire mosquitoes (D:12)
  A warg (Orc:1)
  2 hell hounds (D:11)
  A soldier ant (D:13)
  8 porcupines
  3 sky beasts
  8 water moccasins
  32 orc warriors
  An eye of draining (D:13)
  3 ice beasts
  3 phantoms
  7 ogres
  12 centaurs
  12 wolves
  A necrophage (D:12)
  12 crocodiles
  13 bullfrogs
  A wyvern zombie (D:13)
  A water moccasin zombie (D:10)
  4 scorpions
  A wyvern skeleton (D:13)
  10 killer bees (D:11)
  6 wights
  6 electric eels
  7 howler monkeys
  6 crimson imps
  3 quasits
  4 bullfrog skeletons
  8 hounds
  A centaur skeleton (D:7)
  23 orc priests
  4 jellies
  35 orc wizards
  4 iguanas
  11 worker ants
  A killer bee zombie (D:6)
  3 hound zombies
  3 hound skeletons
  2 worker ant zombies
  A howler monkey zombie (D:9)
  7 gnolls
  9 adders
  A shadow imp (D:10)
  An ooze (D:3)
  2 adder zombies (D:6)
  4 worms
  2 adder skeletons
  2 dart slugs
  8 leopard geckos
  88 orcs
  7 bats
  6 giant cockroaches
  7 goblins
  9 hobgoblins
  11 jackals
  6 kobolds
  A quokka (D:5)
  2 ball pythons
  5 frilled lizards
  A jackal zombie (D:7)
  7 rats
  A bush (Lair:6)
  A fungus (Lair:3)
  6 plants (Lair:6)
674 creatures vanquished.

Vanquished Creatures (collateral kills)
  5 hydras
  2 death yaks (Lair:6)
  An oklob plant (Lair:6)
  A spiny frog (Lair:6)
  A rime drake (Lair:5)
  A hornet (Lair:6)
  2 orc warriors (Orc:2)
  5 orc priests (Orc:2)
  3 orcs (Orc:2)
  A bush (Lair:6)
22 creatures vanquished.

Vanquished Creatures (others)
  An orc (D:9)
  7 fungi
  13 plants
21 creatures vanquished.

Grand Total: 717 creatures vanquished

Notes
Turn   | Place    | Note
-------+----------+-------------------------------------------
     0 | D:1      | Jerry the Minotaur Berserker began the quest for the Orb.
     0 | D:1      | Reached XP level 1. HP: 19/19 MP: 0/0
   213 | D:1      | Reached skill level 4 in Axes
   213 | D:1      | Reached XP level 2. HP: 27/27 MP: 1/1
   427 | D:1      | Reached ** piety under Trog
   513 | D:1      | Reached XP level 3. HP: 30/33 MP: 2/2
  1117 | D:2      | Reached XP level 4. HP: 37/40 MP: 3/3
  1356 | D:3      | Reached skill level 5 in Axes
  1862 | D:4      | Found Lyuweufi's Weapon Emporium.
  1894 | D:4      | Found Muni's Gadget Emporium.
  1955 | D:4      | Reached XP level 5. HP: 47/47 MP: 4/4
  2042 | D:4      | Reached *** piety under Trog
  2064 | D:4      | Reached skill level 5 in Fighting
  2111 | D:4      | Reached skill level 6 in Axes
  2158 | D:4      | Found a staircase to the Ecumenical Temple.
  2160 | D:4      | Noticed a phantom
  2189 | D:4      | Killed a phantom
  2189 | D:4      | Reached XP level 6. HP: 49/56 MP: 5/5
  2211 | D:4      | Noticed Sigmund
  2224 | D:4      | Killed Sigmund
  2224 | D:4      | Reached skill level 7 in Axes
  2392 | D:4      | Reached skill level 5 in Armour
  2392 | D:4      | Reached XP level 7. HP: 62/62 MP: 6/6
  2686 | D:5      | Entered Level 5 of the Dungeon
  2767 | D:5      | Noticed Mandevil's ghost (novice DECj)
  2776 | D:5      | Killed Mandevil's ghost
  2776 | D:5      | Reached skill level 8 in Axes
  2882 | D:5      | Reached XP level 8. HP: 63/71 MP: 3/7
  2931 | D:5      | Reached skill level 9 in Axes
  3486 | D:6      | Reached **** piety under Trog
  3487 | D:6      | Reached skill level 10 in Axes
  3662 | D:6      | Noticed Mukku's ghost (novice DrEE)
  3679 | D:6      | Killed Mukku's ghost
  3679 | D:6      | Reached XP level 9. HP: 81/81 MP: 5/8
  3781 | D:6      | Reached skill level 11 in Axes
  4428 | D:7      | Received a gift from Trog
  4829 | D:7      | Reached skill level 12 in Axes
  5312 | D:8      | Found a sacrificial altar of Ru.
  5315 | D:8      | Reached ***** piety under Trog
  5337 | D:8      | Noticed Erica
  5356 | D:8      | Killed Erica
  5356 | D:8      | Reached skill level 1 in Shields
  5356 | D:8      | Reached XP level 10. HP: 91/91 MP: 6/9
  5366 | D:8      | Noticed Joseph
  5391 | D:8      | Killed Joseph
  5756 | D:9      | Reached skill level 13 in Axes
  5949 | D:9      | Received a gift from Trog
  6118 | D:9      | Reached skill level 10 in Fighting
  6589 | D:10     | Entered Level 10 of the Dungeon
  6736 | D:10     | Reached skill level 10 in Armour
  6930 | D:10     | Found an iron altar of Okawaru.
  7701 | D:11     | Reached XP level 11. HP: 101/101 MP: 10/10
  7703 | D:11     | Reached skill level 14 in Axes
  7871 | D:11     | Found a staircase to the Lair.
  7901 | Lair:1   | Entered Level 1 of the Lair of Beasts
  7936 | Lair:1   | Got a pair of pitted gloves
  7939 | Lair:1   | Received a gift from Trog
  7944 | Lair:1   | Identified the +3 pair of gloves "Icumav" {*Slow rPois Int+4 Slay+2} (You found it on level 1 of the Lair of Beasts)
  8279 | Lair:1   | You fall through a shaft!
  9192 | Lair:2   | Reached skill level 15 in Axes
  9915 | Lair:3   | Reached XP level 12. HP: 111/111 MP: 8/11
  9918 | Lair:3   | Received a gift from Trog
 10105 | Lair:3   | Reached skill level 16 in Axes
 10761 | Lair:4   | Found a hole to the Spider Nest.
 11057 | Lair:4   | Noticed Josephine
 11069 | Lair:4   | Killed Josephine
 11154 | Lair:4   | Reached skill level 17 in Axes
 11237 | Lair:4   | Found a staircase to the Shoals.
 11288 | Lair:4   | Noticed a seven-headed hydra
 11299 | Lair:4   | Killed a seven-headed hydra
 12135 | Lair:5   | Noticed a four-headed hydra
 12159 | Lair:5   | Killed a three-headed hydra
 12537 | Lair:5   | Found a staircase to the Slime Pits.
 12572 | Lair:6   | Entered Level 6 of the Lair of Beasts
 12615 | Lair:6   | Reached XP level 13. HP: 90/122 MP: 8/12
 13111 | Lair:6   | Noticed Snorg
 13131 | Lair:6   | Killed Snorg
 13131 | Lair:6   | Received a gift from Trog
 13439 | Lair:6   | Reached skill level 18 in Axes
 13787 | Lair:6   | Found a runed door.
 13859 | Lair:6   | Paralysed by a hornet for 1 turns
 14000 | Lair:6   | Got a steaming plate armour
 14001 | Lair:6   | Identified the +2 plate armour of Hairiness {rCorr} (You found it on level 6 of the Lair of Beasts)
 14262 | Lair:6   | Reached skill level 19 in Axes
 14827 | Lair:2   | Identified a scroll of acquirement
 15339 | D:11     | Reached XP level 14. HP: 115/132 MP: 4/13
 15799 | D:11     | Found a portal to a secret trove of treasure.
 15989 | D:12     | Found a staircase to the Orcish Mines.
 16409 | D:12     | Found a roughly hewn altar of Beogh.
 16933 | Orc:1    | Entered Level 1 of the Orcish Mines
 17459 | Orc:2    | Entered Level 2 of the Orcish Mines
 17517 | Orc:2    | Found a staircase to the Elven Halls.
 17606 | Orc:2    | Reached ****** piety under Trog
 17606 | Orc:2    | Received a gift from Trog
 17701 | Orc:2    | Reached skill level 20 in Axes
 18674 | Orc:2    | Reached skill level 15 in Armour
 19183 | Orc:2    | Received a gift from Trog
 19295 | Orc:2    | Reached skill level 15 in Fighting
 19596 | Orc:2    | Found Uruery's Antique Armour Shop.
 19599 | Orc:2    | Found Panenn's Book Shop.
 19600 | Orc:2    | Found Coikes's Antique Armour Shop.
 19601 | Orc:2    | Found Xaikofaq's Antique Armour Boutique.
 19609 | Orc:2    | Bought an embroidered hat for 266 gold pieces
 19612 | Orc:2    | Bought a faintly humming plate armour for 644 gold pieces
 19613 | Orc:2    | Identified the +7 plate armour of Ciapseuq {MR+ Int-4 Dex+7 Slay-3} (You bought it in a shop on level 2 of the Orcish Mines)
 19624 | Orc:2    | Bought a distressingly furry chain mail for 361 gold pieces
 19625 | Orc:2    | Identified the cursed +0 chain mail of the Blue Moon {rCorr Str+8 Stlth-} (You bought it in a shop on level 2 of the Orcish Mines)
 20500 | D:14     | Found Gacig's Distillery.
 20508 | D:14     | Bought a potion of invisibility for 128 gold pieces
 20508 | D:14     | Bought a potion of might for 64 gold pieces
 20592 | D:14     | Noticed Roxanne
 20602 | D:14     | HP: 1/135 [centaur/arrow[a centaur warrior] (10)]
 20605 | D:14     | Killed from afar by Roxanne

Skill      XL: |  1  2  3  4  5  6  7  8  9 10 11 12 13 14 |
---------------+-------------------------------------------+-----
Axes           | 4 5 6 7 8 10 12 13 15 17 19 20 | 20.6
Armour         | 3 4 5 6 7 9 10 11 12 14 15 | 15.4
Fighting       | 4 5 6 8 9 10 11 13 14 15 | 15.3
Shields        | 1 4 |  4.0
Dodging        | |  2.1

Action                   |  1- 3 |  4- 6 |  7- 9 | 10-12 | 13-15 || total
-------------------------+-------+-------+-------+-------+-------++-------
Melee: Hand axe          |    79 |   128 |   314 |   700 |   316 ||  1537
       Headbutt          |    12 |    22 |    70 |   164 |   165 ||   433
       Executioner's axe |       |       |       |       |   439 ||   439
Invok: Berserk           |       |       |     4 |     7 |     4 ||    15
       Burn Spellbooks   |       |       |     1 |     1 |     1 ||     3
       Brothers in Arms  |       |       |       |     2 |     5 ||     7
       Trog's Hand       |       |       |       |     1 |     4 ||     5
 Abil: Evoke Flight      |       |       |       |       |     1 ||     1
Evoke: Wand              |       |       |       |     1 |       ||     1
  Use: Scroll            |       |     6 |    12 |     3 |     8 ||    29
       Potion            |       |       |       |       |     2 ||     2
  Eat: Chunk             |     1 |     3 |    13 |    25 |    32 ||    74
       Meat ration       |       |     1 |       |     1 |       ||     2
       Fruit             |       |       |       |     4 |     2 ||     6
Armor: Plate armour      |    50 |    65 |   157 |     4 |   332 ||   608
       Animal skin       |     2 |       |       |       |       ||     2
       Fire dragon scale |       |       |       |   221 |    79 ||   300
       Chain mail        |       |       |       |       |     2 ||     2
Dodge: Dodged            |    40 |    37 |    70 |   169 |   254 ||   570
Block: Buckler           |       |       |       |    71 |    39 ||   110
